Map: Tropic Shores

Players

SonicWave

  • Race: Protoss Protoss
  • Spawn Location: 5:00

Hberto

  • Race: Terran Terran
  • Spawn Location: 5:00

JimBo

  • Race: Protoss Protoss
  • Spawn Location: 6:00

TNTMINER

  • Race: Protoss Protoss
  • Spawn Location: 6:00

CANCCGI

  • Race: Protoss Protoss
  • League: Silver
  • Spawn Location: 12:00

Infamous

  • Race: Protoss Protoss
  • League: Silver
  • Spawn Location: 12:00

prosecutor

  • Race: Terran Terran
  • League: Gold
  • Spawn Location: 11:00

ZARHEAD

  • Race: Terran Terran
  • Spawn Location: 0:00

VOD

Have the link to the VOD?

Description

Time

  • Played on: March 23, 2018, 11:41 a.m.
  • Length: 15:47
Show
View Real Time Build Order
Export as new Build Order

SonicWave Protoss 

Build Orders:  

Get SALT Encoding   

  12  0:03  Probe  
  13  0:52  Probe  
  14  1:05  Probe  
  14  1:07  Nexus  
  15  1:22  Nexus  
  15  1:35  Pylon  
  15  1:53  Probe  
  16  2:04  Gateway  
  16  2:05  Probe  
  17  2:14  Forge  
  17  2:17  Probe  
  17  2:20  Probe  
  19  2:29  Probe  
  20  2:32  Probe  
  21  2:37  Probe  
  21  2:41  Probe  
  23  2:44  Probe  
  23  2:49  Probe  
  25  2:54  Probe  
  25  2:56  Probe  
  27  3:01  Probe  
  28  3:06  Probe  
  28  3:08  Probe  
  30  3:13  Probe  
  30  3:18  Probe  
  32  3:21  Probe  
  32  3:24  Pylon  
  32  3:26  Probe  
  34  3:28  Pylon  
  34  3:30  Probe  
  34  3:32  Pylon  
  34  3:33  Probe  
  36  3:34  Pylon  
  36  3:38  Probe  
  37  3:42  Probe  
  37  3:45  Probe, Assimilator  
  37  3:48  Assimilator  
  39  3:50  Probe, Assimilator  
  39  3:53  Assimilator  
  39  3:54  Probe  
  41  3:55  Assimilator  
  41  3:57  Probe  
  41  3:58  Assimilator  
  42  4:06  Probe, Cybernetics Core  
  42  4:07  Cybernetics Core  
  42  4:09  Probe  
  44  4:18  Probe  
  44  4:21  Probe  
  46  4:29  Pylon x3  
  32  4:59  Photon Cannon  
  32  5:00  Photon Cannon  
  32  5:02  Photon Cannon  
  32  5:04  Photon Cannon  
  32  5:05  Photon Cannon  
  32  5:06  Probe, Photon Cannon  
  32  5:12  Probe  
  31  5:24  Probe  
  32  5:33  Probe  
  33  5:45  Probe  
  33  5:46  Probe  
  35  5:57  Probe  
  35  5:58  Probe, Photon Cannon  
  37  6:05  Photon Cannon  
  37  6:09  Probe  
  37  6:10  Probe  
  39  6:18  Pylon  
  39  6:21  Probe  
  39  6:23  Probe  
  39  6:25  Pylon  
  41  6:33  Probe  
  42  6:46  Probe  
  43  6:54  Nexus  
  43  6:58  Probe  
  44  7:10  Probe, Nexus  
  45  7:16  Probe  
  45  7:22  Probe  
  47  7:28  Probe  
  48  7:34  Probe  
  49  7:40  Probe  
  50  7:46  Probe  
  51  7:52  Probe  
  53  7:58  Probe  
  53  8:04  Probe, Photon Cannon  
  54  8:05  Photon Cannon  
  54  8:07  Photon Cannon  
  54  8:08  Photon Cannon  
  54  8:10  Probe, Photon Cannon  
  55  8:16  Probe  
  56  8:24  Pylon  
  56  8:28  Photon Cannon  
  56  8:30  Probe  
  57  8:34  Photon Cannon  
  56  8:42  Probe  
  57  8:48  Assimilator  
  57  8:50  Assimilator  
  57  9:00  Nexus  
  57  9:04  Pylon  
  57  9:07  Probe, Pylon  
  58  9:13  Probe  
  59  9:19  Probe  
  60  9:25  Probe  
  60  9:28  Probe  
  62  9:34  Stargate  
  62  9:37  Probe  
  63  9:40  Probe  
  63  9:41  Probe  
  65  9:49  Assimilator  
  65  9:52  Probe  
  66  9:53  Probe  
  66  9:54  Assimilator  
  67  10:04  Probe  
  67  10:05  Probe  
  67  10:06  Stargate  
  69  10:09  Stargate  
  69  10:12  Stargate  
  69  10:16  Probe, Stargate  
  69  10:17  Probe  
  69  10:18  Stargate  
  69  10:20  Protoss Air Weapons Level 1, Protoss Air Armor Level 1, Stargate  
  71  10:23  Protoss Shields Level 1  
  71  10:28  Probe  
  71  10:29  Probe  
  71  10:30  Void Ray  
  71  10:33  Probe  
  78  10:40  Probe  
  79  10:45  Probe  
  79  10:49  Pylon x2  
  80  10:57  Probe  
  80  10:59  Pylon, Void Ray x2  
  80  11:01  Pylon  
  89  11:04  Void Ray  
  89  11:09  Probe, Void Ray  
  86  11:21  Probe  
  82  11:31  Photon Cannon  
  78  11:33  Photon Cannon  
  78  11:36  Photon Cannon  
  78  11:37  Photon Cannon  
  78  11:39  Photon Cannon  
  77  11:52  Nexus  
  73  11:59  Pylon  
  72  12:01  Pylon x2  
  72  12:05  Probe  
  73  12:17  Probe  
  67  12:29  Probe  
  67  12:42  Probe  
  68  12:44  Probe  
  68  12:49  Probe  
  70  12:54  Probe  
  70  12:56  Probe  
  70  12:58  Void Ray x2  
  72  12:59  Void Ray  
  72  13:01  Probe  
  85  13:06  Probe x2  
  85  13:08  Probe  
  88  13:13  Probe  
  88  13:18  Probe x2  
  91  13:20  Probe  
  91  13:25  Probe  
  83  13:30  Probe  
  83  13:33  Probe  
  83  13:37  Probe  
  84  13:42  Probe  
  85  13:54  Probe  
  85  14:06  Probe  
  58  14:18  Probe  
  58  14:30  Probe  
  58  14:40  Phoenix x4  
  58  14:41  Phoenix x3  
  58  14:43  Probe  
  73  14:55  Photon Cannon  
  73  14:57  Photon Cannon  
  73  15:05  Phoenix x4  
  73  15:06  Phoenix x3  
  87  15:28  Pylon  
  87  15:30  Probe, Pylon  
Show
View Real Time Build Order
Export as new Build Order

Hberto Terran 

Build Orders:  

Get SALT Encoding   

  12  0:21  SCV  
  13  0:34  SCV  
  14  0:36  Supply Depot  
  14  0:46  SCV, Refinery  
  15  0:50  Refinery  
  15  0:58  SCV  
  15  1:01  Supply Depot  
  16  1:10  SCV  
  17  1:22  SCV  
  17  1:24  Barracks  
  18  1:35  SCV  
  19  1:47  SCV, Engineering Bay  
  20  2:15  Barracks Reactor  
  20  2:17  Barracks  
  20  2:23  Missile Turret, SCV  
  21  2:35  SCV  
  22  2:43  Missile Turret  
  22  2:49  Orbital Command  
  22  2:54  Marine x2  
  24  3:03  Missile Turret  
  24  3:07  Factory, Barracks Reactor  
  24  3:16  Marine  
  24  3:17  Marine  
  26  3:26  Missile Turret  
  26  3:37  Marine x2  
  28  3:42  SCV  
  28  3:46  Missile Turret  
  28  3:47  Marine x2  
  31  3:52  Factory Tech Lab  
  31  4:01  Supply Depot  
  31  4:14  Factory  
  31  4:22  Siege Tank, SCV  
  31  4:24  Marine x2  
  35  4:26  Marine  
  35  4:27  Marine  
  39  4:34  Supply Depot  
  37  4:59  Siege Tank  
  40  5:02  Factory Tech Lab  
  39  5:33  Siege Tank  
  39  5:34  Siege Tank  
  45  6:01  Marine x2  
  47  6:08  Supply Depot  
  47  6:24  Marine  
  47  6:25  Marine x2  
  47  6:30  Siege Tank x2  
  47  6:31  Supply Depot  
  52  6:42  Marine  
  52  6:43  Marine  
  54  7:11  Supply Depot  
  54  7:31  Command Center  
  40  7:46  Missile Turret  
  40  7:49  Missile Turret  
  40  7:50  Missile Turret  
  39  8:03  Marine x2  
  39  8:04  Marine x2  
  43  8:07  Widow Mine x2  
  46  8:21  Marine x2  
  46  8:22  Marine x2  
  50  8:28  Widow Mine  
  50  8:29  Widow Mine  
  54  8:39  Marine x3  
  54  8:40  Marine  
  58  8:50  Widow Mine x2  
  62  9:11  Command Center, Widow Mine  
  64  9:19  Widow Mine  
  66  9:30  Starport  
  66  9:33  Widow Mine  
  68  9:40  Widow Mine  
  70  10:10  Supply Depot, Starport Reactor  
  70  10:18  Widow Mine  
  68  10:26  SCV  
  69  10:34  Missile Turret  
  69  10:38  SCV  
  70  10:44  Starport  
  70  10:51  SCV  
  70  10:54  Supply Depot  
  70  10:55  Missile Turret  
  71  11:03  SCV  
  72  11:05  Refinery  
  72  11:08  Refinery  
  72  11:15  SCV, Viking  
  75  11:18  Supply Depot  
  75  11:27  SCV  
  76  11:39  SCV  
  77  11:46  Missile Turret  
  77  11:48  Starport Reactor  
  77  11:49  Viking  
  77  11:51  SCV  
  77  11:53  Starport  
  80  11:57  Supply Depot  
  74  12:22  Siege Tank x2, Missile Turret  
  78  12:35  Starport Reactor, Viking  
  78  12:36  Viking x2  
  84  12:43  Supply Depot  
  84  12:51  Orbital Command  
  75  13:23  Missile Turret  
  75  13:25  Siege Tank x2, Missile Turret  
  81  13:53  Viking x4  
  81  13:54  Viking  
  91  14:02  Missile Turret  
  91  14:07  Missile Turret  
  84  14:37  Viking x2  
  84  14:38  Viking x2  
Show
View Real Time Build Order
Export as new Build Order

JimBo Protoss 

Build Orders:  

Get SALT Encoding   

  12  0:27  Pylon  
  12  0:51  Forge  
  12  1:05  Probe (Chrono Boost)  
  13  1:15  Probe (Chrono Boost)  
  13  1:17  Pylon  
  14  1:20  Probe (Chrono Boost)  
  15  1:31  Probe  
  16  1:37  Photon Cannon  
  16  1:42  Photon Cannon  
  16  2:14  Assimilator  
  15  2:17  Assimilator  
  15  2:22  Gateway  
  15  2:32  Probe (Chrono Boost)  
  16  2:42  Probe (Chrono Boost)  
  17  2:47  Probe (Chrono Boost)  
  18  2:51  Pylon  
  18  2:58  Probe (Chrono Boost)  
  19  3:07  Probe (Chrono Boost)  
  20  3:13  Probe  
  20  3:14  Cybernetics Core  
  21  3:25  Probe  
  22  3:31  Pylon  
  22  3:42  Nexus  
  22  3:53  Stargate  
  22  3:55  Stargate  
  22  4:09  Photon Cannon  
  22  4:34  Void Ray (Chrono Boost)  
  26  4:39  Void Ray (Chrono Boost)  
  34  5:17  Void Ray (Chrono Boost)  
  34  5:43  Void Ray  
  38  6:57  Void Ray  
  38  7:13  Nexus  
  38  7:19  Protoss Air Weapons Level 1 (Chrono Boost)  
  26  7:29  Stargate  
  26  7:46  Void Ray  
  30  8:14  Void Ray  
  34  8:23  Assimilator  
  34  8:31  Void Ray  
  38  8:46  Protoss Air Armor Level 1 (Chrono Boost)  
  38  8:58  Probe  
  38  9:02  Void Ray  
  43  9:10  Probe  
  44  9:22  Probe  
  44  9:23  Void Ray  
  49  9:34  Probe  
  50  9:46  Probe  
  35  9:57  Void Ray  
  35  9:58  Probe (Chrono Boost)  
  40  10:02  Assimilator  
  40  10:10  Probe (Chrono Boost)  
  37  10:15  Probe (Chrono Boost)  
  38  10:25  Probe  
  39  10:31  Photon Cannon  
  39  10:33  Pylon  
  39  10:37  Probe  
  39  10:38  Photon Cannon  
  40  10:51  Photon Cannon  
  40  10:55  Pylon  
  40  10:56  Void Ray (Chrono Boost)  
  52  10:59  Void Ray (Chrono Boost)  
  52  11:03  Void Ray (Chrono Boost)  
  52  11:09  Fleet Beacon  
  52  11:32  Void Ray (Chrono Boost)  
  56  11:48  Void Ray  
  56  11:49  Void Ray  
  64  11:55  Protoss Air Weapons Level 2 (Chrono Boost)  
  64  12:44  Void Ray  
  68  12:51  Pylon  
  68  12:52  Pylon  
  68  12:59  Pylon  
  68  13:04  Pylon  
  68  13:09  Void Ray x2  
  68  13:10  Pylon  
  76  13:15  Pylon  
  76  13:27  Void Ray  
  80  13:52  Void Ray  
  80  13:54  Pylon  
  84  14:07  Void Ray  
  88  14:10  Void Ray  
  92  14:48  Photon Cannon  
  92  14:52  Photon Cannon  
  92  14:53  Void Ray  
Show
View Real Time Build Order
Export as new Build Order

TNTMINER Protoss 

Build Orders:  

Get SALT Encoding   

  12  0:01  Probe (Chrono Boost)  
  13  0:12  Probe (Chrono Boost)  
  14  0:16  Probe (Chrono Boost)  
  15  0:23  Pylon  
  15  0:41  Probe  
  16  0:47  Assimilator  
  16  0:53  Probe  
  17  1:05  Probe  
  18  1:16  Assimilator  
  18  1:17  Probe  
  19  1:29  Probe (Chrono Boost)  
  21  1:40  Probe (Chrono Boost)  
  21  1:45  Probe (Chrono Boost)  
  22  2:21  Pylon  
  22  2:22  Pylon  
  22  2:23  Pylon  
  22  2:25  Pylon  
  22  2:28  Pylon  
  22  2:40  Gateway  
  22  3:25  Probe  
  23  3:36  Cybernetics Core  
  23  3:51  Nexus  
  23  3:58  Assimilator  
  23  4:02  Assimilator  
  23  4:34  Robotics Facility x2  
  23  4:36  Robotics Facility  
  23  4:38  Robotics Facility  
  23  4:44  Stargate  
  23  4:46  Stargate  
  23  4:47  Stargate  
  23  4:49  Stargate  
  23  5:31  Immortal x3 (Chrono Boost)  
  35  5:45  Immortal (Chrono Boost)  
  39  7:43  Void Ray x2 (Chrono Boost)  
  51  7:50  Void Ray (Chrono Boost)  
  55  7:52  Void Ray (Chrono Boost)  
  43  9:03  Immortal x4  
  39  10:50  Nexus  
  39  10:53  Void Ray x4  
  39  12:23  Assimilator  
  39  12:27  Assimilator  
  39  12:37  Void Ray x3 (Chrono Boost)  
  39  12:38  Void Ray (Chrono Boost)  
  55  13:24  Void Ray x2 (Chrono Boost)  
  31  14:37  Immortal x4  
  47  14:50  Robotics Bay  
Show
View Real Time Build Order
Export as new Build Order

CANCCGI Protoss 

Build Orders:  

Get SALT Encoding   

  12  0:06  Probe  
  13  0:24  Pylon  
  13  0:29  Probe  
  14  0:41  Probe  
  15  0:49  Gateway  
  15  0:53  Probe  
  15  0:56  Assimilator  
  16  1:05  Probe  
  17  1:17  Probe  
  18  1:26  Assimilator  
  18  1:29  Probe  
  19  1:39  Gateway  
  19  1:42  Probe  
  20  1:54  Probe  
  21  2:06  Probe  
  22  2:39  Pylon  
  22  2:57  Zealot x2  
  26  3:21  Nexus  
  26  3:24  Zealot x2  
  26  3:25  Cybernetics Core  
  30  3:33  Pylon  
  30  3:47  Pylon  
  30  3:51  Zealot  
  30  3:52  Assimilator  
  32  4:16  Stalker  
  34  4:19  Zealot  
  36  4:31  Assimilator  
  36  4:34  Protoss Air Weapons Level 1  
  36  4:41  Forge  
  36  4:46  Stalker  
  38  5:00  Stalker  
  40  5:15  Robotics Facility  
  40  5:16  Stalker  
  40  5:20  Probe  
  35  5:32  Probe  
  36  5:42  Twilight Council  
  36  5:46  Stalker  
  34  6:08  Protoss Ground Armor Level 1  
  34  6:11  Probe  
  34  6:16  Stalker  
  37  6:23  Probe  
  38  6:35  Probe  
  38  6:37  Gateway  
  39  6:45  Stargate  
  39  6:47  Probe  
  40  7:00  Probe  
  41  7:07  Charge  
  41  7:12  Probe  
  41  7:14  Dark Shrine  
  30  7:24  Probe  
  31  7:32  Void Ray  
  31  7:36  Probe  
  36  7:48  Probe  
  37  7:53  Stalker x3  
  43  8:15  Void Ray  
  43  8:16  Observer  
  48  8:23  Stalker x3  
  54  8:37  Observer  
  53  8:53  Zealot x3  
  55  8:58  Void Ray  
  55  8:59  Probe  
  55  9:01  Nexus  
  60  9:12  Probe  
  57  9:18  Pylon  
  57  9:20  Dark Templar  
  57  9:24  Probe  
  60  9:25  Dark Templar  
  62  9:36  Probe  
  63  9:41  Phoenix  
  65  9:52  Stalker  
  57  9:59  Dark Templar  
  59  10:04  Stalker  
  52  10:38  Stalker  
  52  10:46  Stalker  
  54  10:51  Dark Templar  
  56  11:09  Dark Templar  
  58  11:14  Void Ray  
  58  11:16  Stalker  
  64  11:30  Nexus  
  56  11:47  Stalker  
  56  11:48  Stalker x2  
  56  11:52  Protoss Air Armor Level 1  
  62  11:59  Protoss Shields Level 1  
  58  12:03  Pylon  
  58  12:04  Nexus  
  58  12:18  Stalker  
  60  12:24  Pylon  
  60  12:29  Stalker  
  62  12:30  Stalker  
  62  12:31  Observer  
  63  12:48  Dark Templar  
  65  12:58  Assimilator  
  65  12:59  Stalker  
  47  13:14  Void Ray  
  51  13:21  Observer  
  52  13:27  Stalker  
  52  13:29  Dark Templar  
  56  13:48  Probe  
  56  13:53  Probe  
  58  13:57  Dark Templar  
  58  13:59  Stalker  
  58  14:00  Immortal, Probe  
  58  14:02  Void Ray  
  67  14:05  Probe  
  67  14:09  Dark Templar  
  74  14:12  Probe  
  73  14:18  Probe  
  72  14:25  Probe  
  72  14:29  Stalker  
  72  14:30  Probe  
  76  14:36  Dark Templar, Assimilator  
  76  14:37  Probe  
  77  14:42  Probe  
  78  14:48  Zealot  
  80  15:04  Zealot  
  78  15:15  Zealot x2  
  82  15:27  Probe  
Show
View Real Time Build Order
Export as new Build Order

Infamous Protoss 

Build Orders: Nexus First 

Get SALT Encoding   

  12  0:02  Probe  
  13  0:14  Probe  
  14  0:20  Pylon  
  14  0:37  Probe  
  15  0:58  Nexus  
  15  1:06  Probe (Chrono Boost)  
  16  1:17  Probe (Chrono Boost)  
  16  1:18  Gateway  
  17  1:26  Assimilator  
  17  1:28  Probe (Chrono Boost)  
  18  1:39  Probe (Chrono Boost)  
  19  1:44  Probe (Chrono Boost)  
  20  1:55  Probe  
  20  2:00  Assimilator  
  21  2:06  Pylon  
  21  2:10  Cybernetics Core  
  22  2:16  Probe x2 (Chrono Boost)  
  23  2:26  Probe (Chrono Boost)  
  23  2:27  Probe (Chrono Boost)  
  25  2:35  Probe x2 (Chrono Boost)  
  27  2:40  Probe (Chrono Boost)  
  27  2:42  Probe  
  29  2:44  Warp Gate (Chrono Boost)  
  29  2:51  Probe  
  29  2:55  Probe  
  29  2:56  Stargate  
  31  3:03  Probe  
  32  3:07  Probe, Pylon  
  33  3:16  Probe  
  33  3:17  Pylon  
  34  3:29  Stargate  
  34  3:31  Probe (Chrono Boost)  
  34  3:33  Probe (Chrono Boost)  
  36  3:38  Assimilator  
  36  3:42  Probe (Chrono Boost)  
  36  3:43  Void Ray  
  36  3:45  Probe (Chrono Boost)  
  42  3:59  Forge  
  42  4:12  Shield Battery  
  42  4:14  Void Ray  
  46  4:18  Probe (Chrono Boost)  
  47  4:30  Probe (Chrono Boost)  
  47  4:31  Probe (Chrono Boost)  
  49  4:34  Protoss Shields Level 1  
  49  4:47  Protoss Air Weapons Level 1 (Chrono Boost)  
  49  4:52  Probe  
  50  4:59  Photon Cannon  
  50  5:01  Probe  
  51  5:11  Photon Cannon  
  51  5:14  Probe  
  52  5:20  Assimilator  
  52  5:27  Pylon  
  52  5:29  Probe (Chrono Boost)  
  52  5:33  Void Ray  
  52  5:34  Void Ray  
  61  5:39  Probe (Chrono Boost)  
  62  5:55  Twilight Council  
  62  6:08  Stargate  
  62  6:22  Probe x2  
  64  6:30  Void Ray  
  68  6:37  Protoss Air Armor Level 1 (Chrono Boost)  
  68  6:48  Probe (Chrono Boost)  
  69  6:59  Probe (Chrono Boost), Pylon  
  70  7:02  Pylon  
  70  7:23  Void Ray x2 (Chrono Boost)  
  78  7:36  Void Ray (Chrono Boost)  
  82  7:37  Cybernetics Core  
  70  8:32  Void Ray x3  
  66  8:58  Probe x2  
  68  9:05  Protoss Shields Level 2 (Chrono Boost)  
  68  9:10  Probe (Chrono Boost), Fleet Beacon  
  68  9:14  Void Ray (Chrono Boost)  
  74  9:19  Probe (Chrono Boost)  
  74  9:21  Probe (Chrono Boost)  
  74  9:23  Stargate  
  75  9:26  Stargate  
  75  9:36  Void Ray (Chrono Boost)  
  75  10:02  Void Ray (Chrono Boost)  
  75  10:03  Protoss Air Weapons Level 2  
  75  10:06  Probe  
  77  10:07  Probe  
  77  10:18  Probe  
  77  10:19  Probe  
  79  10:29  Void Ray  
  83  10:36  Probe x2  
  85  11:51  Pylon  
  85  11:52  Pylon  
  85  11:54  Pylon  
  85  12:04  Void Ray  
  85  12:08  Void Ray, Tempest  
  85  12:10  Tempest  
  85  12:12  Carrier  
  85  12:14  Pylon  
  103  12:17  Pylon  
  103  12:25  Probe x2  
  103  12:27  Protoss Shields Level 3  
  89  12:39  Anion Pulse-Crystals  
  89  12:58  Tempest  
  95  13:39  Carrier, Tempest  
  107  13:43  Graviton Catapult  
  107  13:49  Nexus  
  107  13:51  Pylon  
  107  13:52  Pylon x3  
  107  14:49  Photon Cannon x2  
  107  14:50  Photon Cannon  
  107  14:52  Photon Cannon x2  
  119  14:53  Photon Cannon  
  119  14:55  Photon Cannon x2  
  119  14:56  Photon Cannon  
Show
View Real Time Build Order
Export as new Build Order

prosecutor Terran 

Build Orders:  

Get SALT Encoding   

  12  0:02  SCV  
  14  0:14  SCV  
  14  0:20  Supply Depot  
  14  0:26  SCV  
  15  0:44  SCV  
  16  0:56  SCV  
  17  1:04  Supply Depot  
  17  1:08  SCV  
  17  1:09  Barracks  
  18  1:14  Barracks  
  18  1:27  Barracks  
  18  1:37  Supply Depot  
  18  1:39  SCV  
  19  2:06  Supply Depot  
  19  2:12  Marine x2  
  21  2:15  Marine  
  22  2:29  Marine  
  22  2:30  Marine  
  22  2:33  Marine  
  22  2:35  SCV  
  26  2:38  Engineering Bay  
  26  2:47  Marine, SCV  
  26  2:48  Marine  
  26  2:51  Marine  
  30  2:59  SCV  
  30  3:05  Marine x2  
  32  3:09  Marine  
  34  3:21  Missile Turret  
  34  3:23  Marine x2, Missile Turret  
  34  3:27  Marine  
  37  3:35  Missile Turret  
  37  3:37  Missile Turret  
  37  3:41  Missile Turret  
  37  3:45  Marine x2  
  39  4:20  Missile Turret  
  39  4:22  Missile Turret  
  39  4:26  Missile Turret  
  36  5:01  Bunker  
  34  5:41  Bunker  
  34  5:44  Bunker  
  34  5:47  Marine x2  
  34  5:48  Marine  
  37  6:03  SCV  
  38  6:04  Marine  
  38  6:05  Marine  
  38  6:06  Marine, Refinery  
  38  6:07  Refinery  
  41  6:14  Missile Turret  
  41  6:15  SCV  
  42  6:22  Marine  
  39  6:27  SCV  
  32  6:48  SCV  
  33  7:00  SCV  
  24  7:12  SCV  
  25  7:24  SCV  
  26  7:31  Factory  
  26  7:36  SCV  
  27  7:48  SCV  
  28  7:54  Factory  
  25  8:01  SCV  
  25  8:13  SCV  
  26  8:22  Factory Tech Lab  
  26  8:25  SCV  
  27  8:29  Factory  
  27  8:30  Marine x3  
  30  8:37  SCV  
  31  8:42  Supply Depot  
  31  8:47  Marine  
  31  8:48  Marine x2  
  32  8:49  SCV  
  32  8:53  Supply Depot  
  35  8:56  Supply Depot  
  35  8:57  Supply Depot  
  35  9:01  SCV  
  36  9:05  Marine  
  36  9:06  Marine x2  
  39  9:13  SCV  
  39  9:15  Supply Depot  
  40  9:18  Factory Reactor  
  40  9:20  Supply Depot  
  40  9:25  SCV  
  40  9:28  Factory Tech Lab  
  40  9:29  Factory Tech Lab  
  41  9:35  Supply Depot x2  
  41  9:39  Supply Depot  
  41  9:41  Marine x2  
  41  9:45  SCV  
  44  9:48  Supply Depot  
  44  9:57  SCV  
  44  9:59  Marine  
  46  10:09  SCV  
  47  10:19  Siege Tank  
  47  10:20  Siege Tank  
  47  10:21  Siege Tank, SCV  
  57  10:26  Supply Depot  
  57  10:27  Supply Depot  
  55  10:51  Siege Tank  
  55  10:52  Siege Tank  
  55  10:53  Siege Tank  
  64  11:25  Command Center  
  55  12:48  Siege Tank  
  55  12:49  Siege Tank  
  55  12:50  Siege Tank  
  63  13:18  SCV  
  61  13:24  Siege Tank  
  61  13:25  Siege Tank  
  61  13:26  Siege Tank  
  70  13:29  SCV  
  70  13:30  SCV  
  72  13:37  Refinery  
  72  13:38  Refinery  
  69  13:42  SCV  
  70  13:55  SCV  
  71  14:07  SCV  
  72  14:19  SCV  
  73  14:31  SCV  
  74  14:43  SCV  
Show
View Real Time Build Order
Export as new Build Order

ZARHEAD Terran 

Build Orders:  

Get SALT Encoding   

  12  0:06  SCV  
  13  0:21  SCV  
  13  0:23  Supply Depot  
  14  0:31  Refinery  
  14  0:34  SCV  
  15  0:48  Barracks  
  15  0:52  SCV  
  16  1:04  SCV  
  17  1:30  Command Center  
  17  1:36  Refinery  
  17  1:48  Bunker  
  17  1:55  Marine  
  18  2:11  Orbital Command  
  18  2:12  Marine  
  19  2:30  Marine  
  19  2:33  Engineering Bay  
  20  2:48  Marine  
  20  2:51  Orbital Command  
  21  3:11  SCV  
  22  3:18  Missile Turret  
  22  3:23  SCV  
  22  3:24  SCV  
  24  3:35  SCV  
  24  3:36  SCV  
  24  3:39  Missile Turret  
  26  3:47  SCV  
  27  3:48  SCV  
  27  3:55  Refinery  
  28  3:58  Refinery  
  28  3:59  SCV  
  28  4:01  SCV  
  28  4:02  Missile Turret  
  30  4:11  SCV  
  30  4:13  SCV  
  32  4:23  Missile Turret  
  32  4:25  SCV  
  32  4:28  Supply Depot  
  33  4:32  SCV  
  34  4:41  SCV  
  34  4:44  SCV  
  36  4:51  Supply Depot  
  36  4:53  Factory, SCV  
  36  4:54  Missile Turret  
  37  5:01  SCV  
  38  5:15  Supply Depot, Missile Turret  
  38  5:17  Hi-Sec Auto Tracking  
  38  5:21  SCV  
  39  5:33  SCV  
  40  5:36  Supply Depot, Missile Turret  
  40  5:39  Factory Reactor  
  40  5:45  SCV, Armory  
  41  5:57  Missile Turret, SCV  
  41  5:59  Supply Depot  
  42  6:09  SCV  
  47  6:18  Widow Mine x2  
  47  6:21  Missile Turret, SCV  
  47  6:22  Command Center  
  48  6:33  SCV  
  48  6:36  Terran Ship Weapons Level 1  
  48  6:38  Starport  
  53  6:40  Supply Depot, Widow Mine x2  
  53  6:52  Missile Turret  
  57  7:01  Widow Mine x2  
  57  7:22  Widow Mine, Starport Reactor  
  61  7:23  Widow Mine  
  61  7:29  Starport  
  61  7:32  Supply Depot  
  61  7:49  Widow Mine x2  
  65  8:01  Orbital Command  
  65  8:08  Supply Depot  
  65  8:09  Starport Reactor  
  65  8:31  Viking  
  65  8:32  Viking  
  69  8:40  Terran Ship Weapons Level 2  
  69  8:44  Supply Depot  
  69  9:00  Widow Mine x2  
  69  9:01  Viking x2  
  77  9:07  SCV  
  78  9:13  Refinery  
  78  9:19  SCV, Viking x2  
  78  9:21  Widow Mine  
  78  9:22  Widow Mine  
  87  9:30  Supply Depot  
  87  9:31  SCV, Viking x2  
  92  9:43  Widow Mine x2  
  92  9:44  SCV  
  97  9:49  Viking x2  
  101  10:01  Viking x2  
  101  10:05  SCV, Refinery  
  106  10:17  SCV  
  106  10:19  Viking  
  109  10:21  Supply Depot  
  109  10:30  Viking  
  109  10:31  Viking x2  
  115  10:49  Viking  
  117  10:50  Supply Depot  
  117  10:54  Widow Mine x2  
  121  10:58  Terran Ship Weapons Level 3  
  121  11:00  Viking  
  121  11:01  Viking x2  
  127  11:12  Supply Depot  
  127  11:15  Widow Mine x2  
  131  11:19  Viking  
  133  11:30  Viking  
  133  11:31  Viking x2  
  139  11:35  Supply Depot  
  139  11:49  Viking  
  141  11:59  Supply Depot  
  141  12:00  Viking  
  143  12:01  Viking  
  145  12:14  Viking  
  147  12:19  Viking  
  149  12:29  Supply Depot  
  149  12:30  Viking  
  149  12:31  Viking  
  153  12:44  Viking  
  153  12:49  Viking  
  157  13:00  Viking  
  157  13:01  Viking  
  157  13:04  Supply Depot  
  161  13:14  Viking  
  161  13:19  Viking  
  165  13:27  Supply Depot  
  165  13:30  Viking  
  165  13:31  Viking  
  169  13:44  Viking  
  171  13:49  Viking  
  173  14:00  Viking  
  173  14:01  Viking  
  173  14:14  Viking  
  159  14:19  Viking  
  133  14:30  Viking  
  133  14:31  Viking  
  127  14:37  Supply Depot  
  127  14:44  Viking  
  129  14:49  Viking  
  131  15:00  Viking  
  131  15:01  Viking  
  135  15:14  Viking  
Tags
 
Add a new tag
Caveats
  • Supply blocks, unpowered buildings, or Contaminate may cause inaccurate times.
  • Supply counts are checked every 10 seconds.